AoeStats
← _The_Lion

Arena

506013062Analyzed
1v1 RM · 22d ago on Sep 12, 2026· 56m 37s· 2 players
Game mode
Random Map
Map size
Tiny (2 player)
Population
200
Speed
Normal
Resources
Standard
Victory
Conquest
Starting age
Dark Age
Ending age
Imperial Age
RankedLock teamsTeams togetherTeam positionsShared explorationLock speedFull tech treeHidden civsTurbo modeCheats
Victory
Defeat
🇨🇦 Berbers · Canada
1607
+15
1580
-15
Trollexander_the_Great
11:17 Feudal Age
12:06 Double-Bit Axe
14:53 Castle Age
13:18 Horse Collar
14:57 Light Cavalry
17:05 Wheelbarrow
21:59 Loom
23:30 Hand Cart
24:30 Town Watch
30:58 Imperial Age
28:32 Grand Trunk Road
28:25 Gold Mining
28:26 Stone Mining
29:43 Gold Shaft Mining
29:47 Bloodlines
29:37 Husbandry
29:56 Heavy Plow
31:12 Scale Mail Armor
31:23 Forging
31:03 Fletching
31:19 Scale Barding Armor
31:53 Padded Archer Armor
33:07 Chemistry
32:18 Masonry
32:19 Bodkin Arrow
31:53 Heavy Camel Rider
33:43 Siege Engineers
34:04 Conscription
37:08 Leather Archer Armor
36:56 Bracer
38:26 Shatagni
40:04 Masonry
40:15 Ballistics
41:47 Ring Archer Armor
43:11 Chain Barding Armor
43:27 Iron Casting
42:19 Hussar
44:50 Plate Barding Armor
50:57 Blast Furnace
51:14 Squires
56:59 Bow Saw
_The_Lion
10:21 Feudal Age
14:36 Castle Age
12:39 Double-Bit Axe
15:11 Bloodlines
22:33 Forging
22:10 Horse Collar
23:22 Heavy Plow
23:35 Bow Saw
26:42 Wheelbarrow
25:53 Loom
29:48 Imperial Age
27:40 Town Watch
28:11 Hand Cart
27:53 Fletching
29:21 Bodkin Arrow
29:27 Padded Archer Armor
31:29 Chemistry
30:49 Husbandry
30:51 Bracer
31:07 Leather Archer Armor
33:50 Gold Mining
33:54 Stone Mining
35:13 Ring Archer Armor
35:05 Ballistics
34:59 Masonry
34:30 Treadmill Crane
36:18 Crop Rotation
37:20 Conscription
38:14 Gold Shaft Mining
38:17 Stone Shaft Mining
37:20 Elite Camel Archer
39:02 Elite Genitour
40:18 Maghrebi Camels
40:27 Thumb Ring
41:40 Scale Barding Armor
41:46 Forging
46:13 Hoardings
45:27 Cavalier
47:24 Chain Barding Armor
48:47 Plate Barding Armor
48:49 Iron Casting
48:12 Light Cavalry
50:31 Blast Furnace
52:27 Hussar
Connection lost

Rejoining the realm…

Still unreachable

The connection could not be restored.

Session expired

The server has moved on; the page needs a fresh start.